 Dungeon Sprint DCSS version 0.32-a0-876-gcfddb08e57 (webtiles) character file.

Game seed: 10371960328572489159

1600000 Griffin23 the Spellbinder (level 18, -12/177 HPs)
             Began as a Formicid Wanderer on Apr 1, 2024.
             Mangled by a meat berserker
             ... wielding a +9 battleaxe
              (76 damage)
             ... in the Dungeon (Sprint VIII: "Arena of Blood").
             The game lasted 00:01:13 (16 turns).

Griffin23 the Spellbinder (Formicid Wanderer)         Turns: 16, Time: 00:01:14

Health: -12/177    AC:  4    Str: 25    XL:     18   Next: 15%
Magic:  6/48       EV: 10    Int: 13    God:
Gold:   0          SH:  0    Dex: 12    Spells: 69/69 levels left

rFire   . . .        g - +∞ Axe of Woe
rCold   . . .        (no shield)
rNeg    . . .        c - +0 leather armour
rPois   .            (helmet unavailable)
rElec   .            (no cloak)
rCorr   .            (no gloves)
SInv    +            (no boots)
Will    +....        (no amulet)
Stlth   +            (no ring)
HPRegen 0.49/turn    (no ring)
MPRegen 0.31/turn

%: no passive effects
@: no status effects
A: permanent stasis, dig shafts and tunnels, antennae 3, four strong arms
a: Dig


You were in the Dungeon.
You visited 1 branch

Inventory:

Hand Weapons
 a - a +0 club
 g - the +∞ Axe of Woe (weapon)
   (You found it in the Dungeon)
Armour
 c - a +0 leather armour (worn)
Potions
 b - 2 potions of heal wounds
 d - a potion of attraction
 e - a potion of curing
 f - 2 potions of magic


   Skills:
 + Level 25.6 Fighting
 + Level 26.1 Axes
 + Level 8.6 Armour
 + Level 26.0 Spellcasting
 O Level 27 Hexes
 O Level 27 Earth Magic


You had 69 spell levels left.
You didn't know any spells.
Your spell library contained the following spells:

 Spells                   Type           Power      Damage    Failure   Level
 Sandblast                Erth           100%       2d20      0%          1
 Slow                     Hex            100%       N/A       0%          1
 Ensorcelled Hibernation  Hex/Ice        100%       N/A       0%          2
 Sigil of Binding         Hex            72%        N/A       0%          3
 Stone Arrow              Conj/Erth      100%       3d13      1%          3


Dungeon Overview and Level Annotations

Branches:
Dungeon (1/1)

Altars:
Makhleb


Innate Abilities, Weirdness & Mutations

You cannot be hasted, slowed, berserked, paralysed or teleported.
You can dig through walls and to a lower floor.
You have a pair of large antennae on your head. (SInv)
Your four strong arms can wield two-handed weapons with a shield.


Message History

A meat berserker comes into view. It is wielding a +9 battleaxe.
You hear a shout!
Your Fighting skill gained 3 levels and is now at level 23!
Your Axes skill gained 3 levels and is now at level 22!
Your Armour skill increases to level 7!
Your Spellcasting skill gained 2 levels and is now at level 24!
You have reached level 17!
You slice the bag of meat!!
You fatally mangle the bag of meat.
You kill the bag of meat!
The meat berserker rages. x2
Your Axes skill increases to level 23!
You slice the meat berserker!!
You slaughter the meat berserker joyfully.
You kill the meat berserker!
You slice the bag of meat!!
You slaughter the bag of meat joyfully.
You kill the bag of meat!
The bag of meat appears out of thin air!
A bag of meat comes into view. It is wielding a +9 war axe.
The bag of meat shouts!
A bag of meat comes into view. It is wielding a +9 war axe.
Your Fighting skill gained 2 levels and is now at level 25!
Your Axes skill gained 3 levels and is now at level 26!
Your Armour skill increases to level 8!
Your Spellcasting skill gained 2 levels and is now at level 26!
You have reached level 18!
A bag of meat comes into view. It is wielding a +9 war axe.
The bag of meat shouts!
A bag of meat comes into view. It is wielding a +9 war axe. x2
Things that are here:
a +9 war axe; a +30 ring of slaying; a bag of meat corpse The bag of meat shouts!
You hear a shout!
A meat berserker comes into view. It is wielding a +9 battleaxe.
The meat berserker rages.
A bag of meat comes into view. It is wielding a +9 war axe. x4
A meat berserker comes into view.
It is wielding a +9 battleaxe. 2 bags of meat come into view.
The bag of meat shouts! x3; You hear a shout! x3
A bag of meat comes into view. It is wielding a +9 war axe. x3
The meat berserker hits you with a +9 battleaxe!!!!
You die...

..........
......oo..
.....O.o.
#.......#, . .
#......o# o..
.o###..
....###...o
......###....O.o..
......o..@o......
..#.)oOO#.......
#_)<)_#.......
o#.)))O#......#
....O_........o.
......###.........
..###.. ...###.o..
. , #.{ ...# .o.o
#o. ..#{


You could see 6 meat berserkers and 14 bags of meat.

Vanquished Creatures
  6 ogres (D)
  10 orcs (D)
16 creatures vanquished.

Notes
Turn   | Place    | Note
-------+----------+-------------------------------------------
     0 | D        | Found the +∞ Axe of Woe
     0 | D        | Griffin23 the Formicid Wanderer began the quest for the
                  | Orb.
     0 | D        | Griffin23 set off with the following items: a +0 club, 2
                  | potions of heal wounds, a +0 leather armour, a potion of
                  | attraction, a potion of curing, 2 potions of magic; and the
                  | following spells available to memorise: Sandblast, Slow,
                  | Sigil of Binding, Ensorcelled Hibernation, Stone Arrow.
     0 | D        | Reached XP level 1. HP: 16/16 MP: 3/3
     1 | D        | Noticed a bag of meat
     2 | D        | Noticed a bag of meat
     2 | D        | Noticed a bag of meat
     3 | D        | Noticed a meat berserker
     3 | D        | Noticed a bag of meat
     4 | D        | Noticed a bag of meat
     4 | D        | Noticed a bag of meat
     5 | D        | Killed a bag of meat
     5 | D        | Noticed a bag of meat
     5 | D        | Noticed a bag of meat
     6 | D        | Reached XP level 2. HP: 33/33 MP: 3/12
     6 | D        | Reached XP level 3. HP: 38/38 MP: 3/14
     6 | D        | Reached XP level 4. HP: 45/45 MP: 3/15
     6 | D        | Reached XP level 5. HP: 51/51 MP: 3/17
     6 | D        | Reached XP level 6. HP: 57/57 MP: 3/18
     6 | D        | Reached XP level 7. HP: 63/63 MP: 3/20
     6 | D        | Reached XP level 8. HP: 69/69 MP: 3/21
     6 | D        | Reached XP level 9. HP: 75/75 MP: 3/22
     6 | D        | Reached XP level 10. HP: 82/82 MP: 3/23
     6 | D        | Reached XP level 11. HP: 87/87 MP: 3/24
     6 | D        | Noticed a meat berserker
     6 | D        | Noticed a meat berserker
     7 | D        | Killed a meat berserker
     7 | D        | Noticed a bag of meat
     7 | D        | Noticed a meat berserker
     7 | D        | Noticed a bag of meat
     7 | D        | Noticed a bag of meat
     8 | D        | Reached skill level 10 in Fighting
     8 | D        | Reached XP level 12. HP: 88/99 MP: 3/28
     8 | D        | Reached XP level 13. HP: 93/104 MP: 3/29
     8 | D        | Killed a bag of meat
     8 | D        | Killed a bag of meat
     8 | D        | Killed a bag of meat
     8 | D        | Noticed a meat berserker
     9 | D        | Reached skill level 27 in Hexes
     9 | D        | Reached XP level 14. HP: 104/116 MP: 3/32
     9 | D        | Noticed a meat berserker
     9 | D        | Killed a bag of meat
     9 | D        | Killed a bag of meat
     9 | D        | Noticed a bag of meat
    10 | D        | Reached skill level 15 in Fighting
    10 | D        | Reached skill level 27 in Earth Magic
    10 | D        | Reached XP level 15. HP: 44/129 MP: 4/36
    10 | D        | Killed a meat berserker
    10 | D        | Killed a meat berserker
    10 | D        | Killed a meat berserker
    10 | D        | Noticed a meat berserker
    10 | D        | Noticed a meat berserker
    11 | D        | Reached XP level 16. HP: 52/149 MP: 4/42
    11 | D        | Killed a meat berserker
    11 | D        | Noticed a meat berserker
    11 | D        | Noticed a meat berserker
    12 | D        | Reached XP level 17. HP: 57/164 MP: 4/45
    13 | D        | Killed a meat berserker
    14 | D        | Reached XP level 18. HP: 63/177 MP: 5/48
    15 | D        | Noticed a meat berserker
    15 | D        | Noticed a meat berserker
    16 | D        | Mangled by a meat berserker

Illustrated notes

Levels and vault maps discovered:
D:        meatsprint

Skill      XL: |  1  2  3  4  5  6  7  8  9 10 11 12 13 14 15 16 17 |
---------------+----------------------------------------------------+-----
Fighting       | 8 10 12 15 20 23 25 | 25.6
Axes           | 3 4 7 11 19 22 26 | 26.1
Spellcasting   | 9 12 14 17 22 24 26 | 26.0
Hexes          | 19 23 27 | 27.0
Earth Magic    | 19 23 26 27 | 27.0
Armour         | 3 6 7 8 |  8.6

Action                     |  1- 3 |  4- 6 |  7- 9 | 10-12 | 13-15 | 16-18 || total
---------------------------+-------+-------+-------+-------+-------+-------++-------
  Melee: Executioner's axe |     1 |       |       |     1 |     3 |     3 ||     8
 Armour: Leather armour    |       |       |       |     1 |     1 |     1 ||     3
  Dodge: Dodged            |       |       |       |       |     1 |       ||     1

Table legend: (Time is in decaauts)
 A = Elapsed time spent in this place.
 B = Non-inter-level travel time spent in this place.
 C = Inter-level travel time spent in this place.
 D = Time resting spent in this place.
 E = Time spent auto-exploring this place.
 F = Levels seen in this place.
 G = Mean time per level.
                   A        B        C        D        E       F      G
               +--------+--------+--------+--------+--------+-----+--------+
         Total |     17 |     17 |      0 |      0 |      0 |   1 |   17.0 |
       Dungeon |     17 |     17 |      0 |      0 |      0 |   1 |   17.0 |
               +--------+--------+--------+--------+--------+-----+--------+

Top non-repeatable levels by time:
       D: 17 daAuts
